 Dungeon Crawl Stone Soup version 0.25.0-33-gff14898491 (webtiles) character file.

Game seed: 10364777691790417746

904 funkygono the Conjurer (level 7, -6/52 HPs)
             Began as a Grey Draconian Conjurer on July 6, 2020.
             Was a Follower of Sif Muna.
             Mangled by an orc wizard
             ... wielding a +0 dagger of electrocution
              (20 damage)
             ... on level 6 of the Dungeon on July 7, 2020.
             The game lasted 00:11:45 (5388 turns).

funkygono the Conjurer (Grey Draconian Conjurer)    Turns: 5388, Time: 00:11:45

Health: -6/52      AC: 15    Str: 10    XL:     7   Next: 80%
Magic:  14/14      EV: 13    Int: 17    God:    Sif Muna [*.....]
Gold:   197        SH:  0    Dex: 12    Spells: 13/16 levels left

rFire    + . .     SeeInvis .   l - +5 dagger (venom)
rCold    . . .     Gourm    .   (no shield)
rNeg     . . .     Faith    .   (armour unavailable)
rPois    .         Spirit   .   (helmet restricted)
rElec    .         Reflect  .   o - +1 cloak
rCorr    .         Harm     .   j - +1 pair of gloves
MR       .....                  (no boots)
Stlth    ++........             a - amulet of magic regeneration
HPRegen  0.17/turn              e - ring of protection from fire
MPRegen  0.39/turn              (no ring)

@: no status effects
A: walk through water, unfitting armour, unbreathing, cold-blooded, AC +11
a: Channel Magic, Renounce Religion


You were on level 6 of the Dungeon.
You worshipped Sif Muna.
Sif Muna was aware of your devotion.
You were hungry.

You visited 1 branch of the dungeon, and saw 6 of its levels.

You collected 197 gold pieces.

Inventory:

Hand Weapons
 i - a +2 hunting sling of freezing
 l - a +5 dagger of venom (weapon)
Missiles
 g - 13 stones (quivered)
 m - 19 sling bullets
Armour
 j - a +1 pair of gloves (worn)
 o - a +1 cloak (worn)
Jewellery
 a - an amulet of magic regeneration (around neck)
 e - a ring of protection from fire (left hand)
Wands
 h - a wand of polymorph (12)
Scrolls
 f - 3 scrolls of remove curse
Potions
 c - 3 potions of curing
 k - a potion of stabbing {unknown}
 n - a potion of mutation
Comestibles
 b - 10 rations


   Skills:
 + Level 1.3 Fighting
 + Level 2.9 Short Blades
 + Level 2.9 Dodging
 + Level 3.2 Stealth
 + Level 0.1 Unarmed Combat
 + Level 5.0 Spellcasting
 + Level 6.4 Conjurations


You had 13 spell levels left.
You knew the following spells:

 Your Spells              Type           Power        Failure   Level  Hunger
a - Magic Dart            Conj           ####         1%          1    None
b - Searing Ray           Conj           ####..       1%          2    #......

Your spell library contained the following spells:

 Spells                   Type           Power        Failure   Level  Hunger
 Dazzling Flash           Conj/Hex       ###...       12%         3    ###....
 Corona                   Hex            #......      14%         1    None
 Ensorcelled Hibernation  Hex/Ice        #.....       22%         2    #......
 Fulminant Prism          Conj/Hex       ###.......   36%         4    ####...
 Iskenderun's Mystic Bla  Conj/Tloc      ###.....     36%         4    ####...
 Confusing Touch          Hex            #.......     38%         3    ###....
 Tukima's Dance           Hex            #.......     38%         3    ###....


Dungeon Overview and Level Annotations

Branches:
Dungeon (6/15)
 Temple: D:4-7

Altars:
Ashenzari
Gozag
Okawaru
Sif Muna
Trog
Wu Jian


Innate Abilities, Weirdness & Mutations

You can walk through water.
Your dull iron-grey scales are very hard. (AC +11)
You cannot fit into any form of body armour.
You can survive without breathing.
You are cold-blooded and may be slowed by cold attacks.


Message History

You hear some strange, mumbled words.
Something tries to affect you, but you resist.
You puncture the orc!
You kill the orc!
Sif Muna accepts your kill.
You bump into the rock wall.
You feel less invigorated.
You feel less confused. Something hits you but does no damage.
Something hits you but does no damage.
There is a stone staircase leading up, spattered with blood here.
Something hits you but does no damage.
You see here an orc corpse.
You butcher the orc corpse.
Something hits you but does no damage.
You are electrocuted!
* * * LOW HITPOINT WARNING * * *
Things that are here:
2 chunks of flesh; an orc skeleton You hit something.
Something hits you but does no damage. Something hits you but does no damage.
You are electrocuted!!
You die...

.Y### #.#......
.... #........
# #..##........
..
#...#........
#.##
#...)...... ...
#.)).......
#.###.).####!##
#...))..#
###%@...#
#.##......
...##....##
....###....#
...... #...##
...... #.#..
...... ....<
######


There were no monsters in sight!

Vanquished Creatures
  Eustachio (D:6)
  An ice beast (D:5)
  A sky beast (D:5)
  An ogre (D:4)
  A centaur (D:5)
  A scorpion (D:4)
  A crimson imp (D:5)
  2 orc priests
  4 orc wizards
  A gnoll (D:3)
  7 adders
  An ooze (D:1)
  An adder skeleton (D:5)
  2 dart slugs
  4 leopard geckos
  11 orcs
  8 bats
  3 giant cockroaches
  10 goblins
  5 hobgoblins
  A quokka (D:3)
  A ball python (D:1)
  4 frilled lizards
  16 kobolds
  4 rats
92 creatures vanquished.

Notes
Turn   | Place    | Note
-------+----------+-------------------------------------------
     0 | D:1      | funkygono the Draconian Conjurer began the quest for the
                  | Orb.
     0 | D:1      | Reached XP level 1. HP: 14/14 MP: 3/3
   440 | D:1      | Reached XP level 2. HP: 20/20 MP: 0/5
   624 | D:1      | Learned a level 2 spell: Searing Ray
   869 | D:1      | Reached XP level 3. HP: 26/26 MP: 2/6
  1145 | D:2      | Found an opulent altar of Gozag.
  1145 | D:2      | Found a shattered altar of Ashenzari.
  1424 | D:2      | Reached skill level 1 in Short Blades
  1986 | D:2      | Found a shimmering blue altar of Sif Muna.
  1986 | D:2      | Found an ornate altar of the Wu Jian Council.
  1989 | D:2      | Became a worshipper of Sif Muna the Loreminder
  2007 | D:2      | Found an iron altar of Okawaru.
  2008 | D:2      | Found a bloodstained altar of Trog.
  2427 | D:3      | Reached XP level 4. HP: 33/33 MP: 5/7
  2861 | D:3      | Reached * piety under Sif Muna
  3126 | D:4      | Noticed an ogre
  3138 | D:4      | Killed an ogre
  3138 | D:4      | Reached skill level 5 in Conjurations
  3138 | D:4      | Reached XP level 5. HP: 35/38 MP: 1/9
  3468 | D:4      | Reached XP level 6. HP: 46/46 MP: 7/11
  4057 | D:5      | Entered Level 5 of the Dungeon
  4662 | D:5      | Noticed a sky beast
  4674 | D:5      | Killed a sky beast
  4674 | D:5      | Reached skill level 1 in Fighting
  4674 | D:5      | Your scales start taking on a dull iron-grey colour.
  4674 | D:5      | Reached XP level 7. HP: 42/52 MP: 5/13
  4674 | D:5      | Gained mutation: You can survive without breathing. [Grey
                  | Draconian growth]
  4781 | D:5      | Reached skill level 6 in Conjurations
  5347 | D:6      | Noticed Eustachio
  5358 | D:6      | Killed Eustachio
  5358 | D:6      | Reached skill level 5 in Spellcasting
  5388 | D:6      | Mangled by an orc wizard

Illustrated notes

Levels and vault maps discovered:
D:1:      dpeg_arrival_three_bigger_balls, layout_rooms,
          minmay_misc_feat_pillars, minmay_pentomino_v2
D:2:      layout_basic, gammafunk_temple_overflow_statue,
          gammafunk_temple_overflow_elements, gammafunk_temple_overflow_wave,
          palyth_stone_intersect
D:3:      layout_rooms, first_ration, minmay_fractal_squares_gapless_5
D:4:      layout_gridville, chequers_serial_rivers_micro_e
D:5:      layout_gridville
D:6:      layout_rooms, minmay_temple_entry_waves, kennysheep_potato,
          uniq_eustachio

Skill      XL: |  1  2  3  4  5  6  7 |
---------------+----------------------+-----
Stealth        | 2 3 |  3.2
Short Blades   | 1 2 |  2.9
Dodging        | 2 |  2.9
Spellcasting   | 3 4 5 |  5.0
Conjurations   | 5 6 |  6.4
Fighting       | 1 |  1.3
Unarmed Combat | |  0.1

Action                   |  1- 3 |  4- 6 |  7- 9 || total
-------------------------+-------+-------+-------++-------
Melee: Unarmed           |    12 |       |       ||    12
       Tailslap          |     4 |     5 |     1 ||    10
       Short sword       |    47 |       |       ||    47
       Dagger            |       |    42 |     9 ||    51
 Cast: Magic Dart        |    76 |    66 |    28 ||   170
       Searing Ray       |     3 |     7 |     6 ||    16
  Use: Scroll            |     7 |     6 |     3 ||    16
       Potion            |       |       |     1 ||     1
  Eat: Chunk             |     6 |     7 |     2 ||    15
Armor: Skin              |    16 |    16 |    13 ||    45
Dodge: Dodged            |    44 |    25 |     5 ||    74
